 Dungeon Sprint DCSS version 0.26.1 (webtiles) character file.

Game seed: 14480488046991876369

13000000 Groucho the Intangible (level 27, -143/273 HPs)
             Began as a Ghoul Gladiator on Feb 8, 2021.
             Was the Champion of Makhleb.
             Annihilated by a fleshlord
             ... wielding a +9 great mace
              (391 damage)
             ... in the Dungeon (Sprint VIII: "Arena of Blood").
             The game lasted 00:05:53 (130 turns).

Groucho the Intangible (Ghoul Gladiator)             Turns: 130, Time: 00:05:54

Health: -143/273   AC:  8    Str: 22    XL:     27
Magic:  43/53      EV: 34    Int:  3    God:    Makhleb [******]
Gold:   0          SH:  0    Dex: 19    Spells: 80/80 levels left

rFire    . . .     SeeInvis .   j - +∞ Axe of Woe
rCold    + . .     Faith    .   (shield currently unavailable)
rNeg     + + +     Spirit   .   b - +0 leather armour
rPois    ∞         Reflect  .   c - +0 helmet
rElec    .         Harm     .   (no cloak)
rCorr    .         Rampage  .   (no gloves)
Will     ++...     NoTele   +   (no boots)
Stlth    ++++++++++             (no amulet)
HPRegen  0.00/turn              (no ring)
MPRegen  0.33/turn              (no ring)

@: slowed, lost intelligence, very slow
A: claws 1, cold resistance 1, negative energy resistance 3, inhibited
regeneration, torment resistance, unbreathing
a: Renounce Religion, Minor Destruction, Lesser Servant of Makhleb, Major
Destruction, Greater Servant of Makhleb


You were in the Dungeon.
You worshipped Makhleb.
Makhleb was exalted by your worship.
You visited 1 branch

Inventory:

Hand Weapons
 a - a +0 war axe
 j - the +∞ Axe of Woe (weapon)
   (You found it in the Dungeon)
Missiles
 d - 3 throwing nets (quivered)
Armour
 b - a +0 leather armour (worn)
 c - a +0 helmet (worn)
Jewellery
 k - a +30 ring of slaying
 l - a +200 ring of slaying
 m - a +250 ring of slaying
 n - a +100 ring of slaying
 o - a +100 ring of slaying
 p - a +200 ring of slaying
 q - a +200 ring of slaying
 r - a +250 ring of slaying
 s - a +100 ring of slaying
Scrolls
 i - a scroll of blinking
Potions
 e - a potion of curing
 f - a potion of heal wounds
 g - a potion of haste
 h - 2 potions of magic


   Skills:
 O Level 27 Fighting
 O Level 27 Short Blades
 O Level 27 Long Blades
 O Level 27 Axes
 O Level 27 Maces & Flails
 O Level 27 Polearms
 O Level 27 Staves
 O Level 27 Slings
 O Level 27 Bows
 O Level 27 Crossbows
 O Level 27 Throwing
 O Level 27 Armour
 O Level 27 Dodging
 O Level 27 Stealth
 O Level 27 Shields
 O Level 27 Unarmed Combat
 O Level 27 Spellcasting
 O Level 27 Conjurations
 O Level 27 Hexes
 O Level 27 Summonings
 O Level 27 Necromancy
 O Level 27 Translocations
 O Level 27 Transmutations
 O Level 27 Fire Magic
 O Level 27 Ice Magic
 O Level 27 Air Magic
 O Level 27 Earth Magic
 O Level 27 Poison Magic
 O Level 27 Invocations
 O Level 27 Evocations


You had 80 spell levels left.
You didn't know any spells.
Your spell library was empty.

Dungeon Overview and Level Annotations

Branches:
Dungeon (1/1)

Altars:
Makhleb


Innate Abilities, Weirdness & Mutations

You thrive by killing the living.
You are immune to poison.
You have sharp fingernails.
Your flesh is cold resistant. (rC+)
You are immune to negative energy. (rN+++)
You do not regenerate when monsters are visible.
You are immune to unholy pain and torment.
You can survive without breathing.


Message History

You slice the fleshlord!!
You dissect the fleshlord like a pig carcass.
You kill the fleshlord!
Makhleb accepts your kill.
You feel extremely nervous for a moment...
You feel weird for a moment.
You hear a shout! x5; You feel something staring at you.
A bolt of fire appears from out of thin air!
Deactivating autopickup; reactivate with Ctrl-A.
The bolt of fire misses you.
The bolt of fire hits the fleshlord.
The fleshlord completely resists.
You hear a shout!
The accursed casts a spell at you. Something smites you!
You hear a shout! x3
The accursed casts a spell at you. Something smites you!
The fleshlord hits you with a +9 great mace!!!!!!
Ouch! That really hurt!
You die...

.. .... ...
..... #M. ...# .
#.. ...# .
..###.. .M.###..
......###.......
......)xp)......
#.DW@)# #_)o)_#
#))){.#
.V..p.._).......
DO....###....§..
..###.. ...###o.
O #.z .M.# . #..
...# ... .....


You could see 2 accurseds, an eight-headed meat hydra, 2 fleshlords, a dread, a
meat berserker (berserk), a small abomination and a bag of meat.

Vanquished Creatures
  A hell knight (D)
  Sigmund (D)
  11 hell beasts (D)
  11 royal mummies (D)
  7 great orbs of eyes (D)
  9 wraiths (D)
  15 vampire knights (D)
  33 ogres (D)
  8 two-headed ogres (D)
  6 liches (D)
  2 hydras (D)
  34 orcs (D)
  4 phantoms (D)
  4 skeletal warriors (D)
  4 sea snakes (D)
  6 large abominations (D)
  3 small abominations (D)
  6 crawling corpses (D)
165 creatures vanquished.

Notes
Turn   | Place    | Note
-------+----------+-------------------------------------------
     0 | D        | Found the +∞ Axe of Woe
     0 | D        | Groucho the Ghoul Gladiator began the quest for the Orb.
     0 | D        | Reached XP level 1. HP: 17/17 MP: 0/0
     2 | D        | Noticed a bag of meat
     3 | D        | Noticed a bag of meat
     4 | D        | Became a worshipper of Makhleb the Destroyer
     4 | D        | Noticed a bag of meat
     6 | D        | Noticed a meat berserker
     7 | D        | Killed a bag of meat
     8 | D        | Reached XP level 2. HP: 40/40 MP: 1/1
     8 | D        | Reached XP level 3. HP: 47/47 MP: 2/2
     8 | D        | Reached XP level 4. HP: 55/55 MP: 3/3
     8 | D        | Reached XP level 5. HP: 61/61 MP: 4/4
     8 | D        | Reached XP level 6. HP: 68/68 MP: 5/5
     8 | D        | Reached XP level 7. HP: 74/74 MP: 6/6
     8 | D        | Reached XP level 8. HP: 82/82 MP: 7/7
     8 | D        | Reached XP level 9. HP: 89/89 MP: 8/8
     8 | D        | Reached XP level 10. HP: 96/96 MP: 9/9
     8 | D        | Reached XP level 11. HP: 103/103 MP: 10/10
     8 | D        | Reached XP level 12. HP: 110/110 MP: 11/11
     8 | D        | Killed a bag of meat
     8 | D        | Reached * piety under Makhleb
     8 | D        | Killed a meat berserker
     9 | D        | Reached XP level 13. HP: 116/116 MP: 12/12
     9 | D        | Reached XP level 14. HP: 124/124 MP: 13/13
    11 | D        | Noticed a meat berserker
    12 | D        | Noticed a meat berserker
    13 | D        | Killed a bag of meat
    13 | D        | Noticed a bag of meat
    14 | D        | Reached XP level 15. HP: 130/130 MP: 14/14
    14 | D        | Killed a meat berserker
    14 | D        | Reached ** piety under Makhleb
    15 | D        | Reached XP level 16. HP: 138/138 MP: 15/15
    17 | D        | Noticed a meat berserker
    18 | D        | Killed a meat berserker
    19 | D        | Reached skill level 27 in Axes
    19 | D        | Reached skill level 27 in Dodging
    19 | D        | Reached skill level 10 in Armour
    20 | D        | Reached XP level 17. HP: 168/168 MP: 16/16
    21 | D        | Noticed a large bag of meat
    21 | D        | Noticed a large bag of meat
    22 | D        | Killed a meat berserker
    22 | D        | Reached *** piety under Makhleb
    22 | D        | Noticed a large bag of meat
    23 | D        | Noticed a large bag of meat
    23 | D        | Noticed a meat berserker
    26 | D        | Noticed a destroyer
    27 | D        | Reached XP level 18. HP: 192/192 MP: 17/17
    27 | D        | Killed a large bag of meat
    28 | D        | Reached skill level 27 in Fighting
    28 | D        | Killed a large bag of meat
    28 | D        | Reached **** piety under Makhleb
    28 | D        | Noticed a meat berserker
    29 | D        | Reached skill level 27 in Armour
    29 | D        | Reached skill level 5 in Unarmed Combat
    29 | D        | Reached skill level 5 in Invocations
    29 | D        | Reached XP level 19. HP: 186/207 MP: 17/22
    29 | D        | Killed a meat berserker
    30 | D        | Killed a large bag of meat
    30 | D        | Killed a destroyer
    30 | D        | Noticed a meat berserker
    30 | D        | Noticed a destroyer
    31 | D        | Reached XP level 20. HP: 182/216 MP: 17/35
    32 | D        | Killed a large bag of meat
    32 | D        | Reached ***** piety under Makhleb
    32 | D        | Noticed a large bag of meat
    33 | D        | Reached skill level 27 in Unarmed Combat
    33 | D        | Reached skill level 27 in Invocations
    34 | D        | Reached XP level 21. HP: 207/224 MP: 17/37
    34 | D        | Noticed a meat berserker
    34 | D        | Killed a destroyer
    34 | D        | Killed a meat berserker
    34 | D        | Noticed a large bag of meat
    34 | D        | Noticed a meat berserker
    34 | D        | Noticed a meat berserker
    35 | D        | Reached XP level 22. HP: 217/233 MP: 18/38
    37 | D        | Reached skill level 27 in Short Blades
    37 | D        | Reached skill level 27 in Long Blades
    37 | D        | Noticed a destroyer
    37 | D        | Noticed a destroyer
    38 | D        | Reached skill level 10 in Maces & Flails
    38 | D        | Reached skill level 10 in Polearms
    39 | D        | Noticed a destroyer
    40 | D        | Reached ****** piety under Makhleb
    40 | D        | Killed a destroyer
    41 | D        | Reached XP level 23. HP: 231/240 MP: 19/39
    41 | D        | Noticed a destroyer
    42 | D        | Reached skill level 27 in Maces & Flails
    42 | D        | Reached skill level 27 in Polearms
    42 | D        | Reached XP level 24. HP: 231/249 MP: 19/39
    42 | D        | Killed a destroyer
    43 | D        | Noticed a destroyer
    44 | D        | Killed a large bag of meat
    44 | D        | Killed a destroyer
    44 | D        | Noticed a destroyer
    44 | D        | Noticed a destroyer
    44 | D        | Noticed a destroyer
    45 | D        | Reached XP level 25. HP: 206/257 MP: 19/39
    45 | D        | Noticed an accursed
    46 | D        | Noticed a tyrant
    46 | D        | Killed a large bag of meat
    47 | D        | Reached skill level 27 in Staves
    47 | D        | Reached skill level 27 in Throwing
    47 | D        | Reached XP level 26. HP: 242/266 MP: 20/39
    47 | D        | Killed a destroyer
    48 | D        | Killed a destroyer
    49 | D        | Killed a destroyer
    50 | D        | Reached skill level 27 in Slings
    50 | D        | Reached XP level 27. HP: 252/273 MP: 20/52
    51 | D        | Killed a destroyer
    51 | D        | Killed a tyrant
    51 | D        | Noticed a tyrant
    51 | D        | Noticed a destroyer
    52 | D        | Reached skill level 27 in Spellcasting
    53 | D        | Killed a destroyer
    53 | D        | Noticed a destroyer
    54 | D        | Reached skill level 27 in Bows
    54 | D        | Reached skill level 27 in Crossbows
    57 | D        | Noticed an accursed
    57 | D        | Killed a tyrant
    57 | D        | Killed a destroyer
    57 | D        | Killed a destroyer
    58 | D        | Noticed an accursed
    58 | D        | Noticed a large bag of meat
    58 | D        | Noticed a destroyer
    60 | D        | Killed an accursed
    61 | D        | Reached skill level 27 in Shields
    61 | D        | Reached skill level 27 in Conjurations
    61 | D        | Reached skill level 15 in Summonings
    62 | D        | Killed a destroyer
    62 | D        | Noticed a dread
    63 | D        | Noticed a dread
    66 | D        | Noticed The Captor
    66 | D        | Noticed a meat beast
    68 | D        | Killed an accursed
    69 | D        | Noticed a dread
    69 | D        | Killed a large bag of meat
    70 | D        | Reached skill level 27 in Hexes
    70 | D        | Reached skill level 27 in Summonings
    70 | D        | Killed a dread
    70 | D        | Killed an accursed
    70 | D        | Noticed a meat beast
    71 | D        | Reached skill level 27 in Necromancy
    72 | D        | Reached skill level 27 in Translocations
    72 | D        | Reached skill level 10 in Fire Magic
    73 | D        | Killed a dread
    73 | D        | Killed a dread
    73 | D        | Killed a meat beast
    74 | D        | Reached skill level 27 in Transmutations
    74 | D        | Reached skill level 27 in Fire Magic
    74 | D        | Reached skill level 27 in Ice Magic
    74 | D        | Killed a meat beast
    74 | D        | Noticed a meat beast
    75 | D        | Reached skill level 27 in Air Magic
    75 | D        | Killed a meat beast
    76 | D        | Reached skill level 27 in Earth Magic
    76 | D        | Reached skill level 27 in Poison Magic
    76 | D        | Reached skill level 27 in Stealth
    78 | D        | Reached skill level 27 in Evocations
    80 | D        | Killed The Captor
    81 | D        | Noticed a meat beast
    81 | D        | Noticed a meat beast
    83 | D        | Killed a meat beast
    83 | D        | Killed a meat beast
    89 | D        | Noticed a tyrant
    92 | D        | Noticed a large bag of meat
    93 | D        | Noticed a meat beast
    96 | D        | Noticed a meat beast
    96 | D        | Noticed a dread
    97 | D        | Noticed an accursed
   100 | D        | Noticed an accursed
   100 | D        | Killed a meat beast
   100 | D        | Killed an accursed
   101 | D        | Noticed an accursed
   102 | D        | Noticed an accursed
   102 | D        | Noticed a meat beast
   103 | D        | Killed an accursed
   103 | D        | Killed a meat beast
   103 | D        | Noticed a meat beast
   104 | D        | Killed a dread
   104 | D        | Killed a large bag of meat
   104 | D        | Noticed a meat beast
   104 | D        | Noticed a destroyer
   105 | D        | Killed a tyrant
   106 | D        | Killed an accursed
   106 | D        | Killed a destroyer
   107 | D        | Noticed a tyrant
   107 | D        | Killed a meat beast
   108 | D        | Killed a meat beast
   108 | D        | Killed an accursed
   110 | D        | Noticed a tyrant
   110 | D        | Noticed a tyrant
   111 | D        | Noticed a dread
   111 | D        | Noticed an accursed
   112 | D        | Noticed an accursed
   112 | D        | Noticed a destroyer
   113 | D        | Noticed a meat beast
   113 | D        | Noticed a dread
   113 | D        | Noticed a dread
   114 | D        | Noticed a dread
   114 | D        | Noticed an accursed
   114 | D        | Noticed a dread
   115 | D        | Noticed an accursed
   116 | D        | Killed a tyrant
   116 | D        | Noticed a meat beast
   117 | D        | Killed a tyrant
   117 | D        | Killed a tyrant
   117 | D        | Noticed a dread
   118 | D        | Killed a meat beast
   119 | D        | Killed a destroyer
   120 | D        | Killed a meat beast
   120 | D        | Killed a dread
   120 | D        | Killed a dread
   122 | D        | Killed an accursed
   122 | D        | Killed a dread
   122 | D        | Lost intelligence.
   123 | D        | Noticed an accursed
   124 | D        | Noticed a fleshlord
   126 | D        | Noticed an accursed
   126 | D        | HP: 13/273 [dread (11)]
   126 | D        | HP: 2/273 [accursed/divine providence (11)]
   127 | D        | Killed a dread
   127 | D        | Killed a dread
   127 | D        | Killed an accursed
   127 | D        | Noticed a fleshlord
   128 | D        | Killed an accursed
   129 | D        | Noticed a destroyer
   130 | D        | Noticed a fleshlord
   130 | D        | Killed an accursed
   130 | D        | Killed a fleshlord
   130 | D        | Annihilated by a fleshlord

Illustrated notes

Levels and vault maps discovered:
D:        meatsprint

Skill      XL: |  1  2  3  4  5  6  7  8  9 10 11 12 13 14 15 16 17 18 19 20 21 22 23 24 25 26 27 |
---------------+----------------------------------------------------------------------------------+-----
Fighting       | 11 19 24 27 | 27.0
Axes           | 16 22 24 26 27 | 27.0
Throwing       | 9 12 24 27 | 27.0
Dodging        | 16 22 23 26 27 | 27.0
Armour         | 13 20 27 | 27.0
Unarmed Combat | 5 25 27 | 27.0
Invocations    | 5 25 27 | 27.0
Short Blades   | 12 22 27 | 27.0
Long Blades    | 12 22 27 | 27.0
Maces & Flails | 23 27 | 27.0
Polearms       | 23 27 | 27.0
Staves         | 8 23 27 | 27.0
Slings         | 14 27 | 27.0
Spellcasting   | 13 26 27 | 27.0
Bows           | 27 | 27.0
Crossbows      | 27 | 27.0
Shields        | 27 | 27.0
Conjurations   | 27 | 27.0
Hexes          | 27 | 27.0
Summonings     | 27 | 27.0
Necromancy     | 27 | 27.0
Translocations | 27 | 27.0
Transmutations | 27 | 27.0
Fire Magic     | 27 | 27.0
Ice Magic      | 27 | 27.0
Air Magic      | 27 | 27.0
Earth Magic    | 27 | 27.0
Poison Magic   | 27 | 27.0
Stealth        | 27 | 27.0
Evocations     | 27 | 27.0

Action                   |  1- 3 |  4- 6 |  7- 9 | 10-12 | 13-15 | 16-18 | 19-21 | 22-24 | 25-27 || total
-------------------------+-------+-------+-------+-------+-------+-------+-------+-------+-------++-------
Melee: Executioner's axe |     1 |       |       |     1 |     2 |     6 |     5 |     6 |    59 ||    80
Armor: Leather armour    |       |       |       |       |       |       |       |       |    10 ||    10
Dodge: Dodged            |       |       |       |       |     1 |       |       |     1 |    12 ||    14
